 Dungeon Crawl Stone Soup version 0.23.0-3-gf3c87f2 (webtiles) character file.

Game seed: 1020645476071905605

379 Irenicus the Geomancer (level 6, -11/49 HPs)
             Began as a Deep Dwarf Earth Elementalist on Feb 24, 2019.
             Was an Initiate of Makhleb.
             Mangled by an ogre
             ... wielding a +0 giant spiked club
              (13 damage)
             ... on level 5 of the Dungeon.
             The game lasted 00:18:18 (1968 turns).

Irenicus the Geomancer (DDEE)                       Turns: 1968, Time: 00:18:18

Health: -11/49     AC:  4    Str: 11    XL:     6   Next: 45%
Magic:  5/8        EV: 12    Int: 18    God:    Makhleb [......]
Gold:   173        SH:  0    Dex: 13    Spells: 3/9 levels left

rFire    + . .     SeeInvis .   a - +0 dagger (venom)
rCold    . . .     Gourm    .   (no shield)
rNeg     . . .     Faith    .   w - +1 leather armour {rF+}
rPois    .         Spirit   .   (no helmet)
rElec    .         Reflect  .   (no cloak)
rCorr    .         Harm     .   (no gloves)
MR       .....                  (no boots)
Stlth    ++........             (no amulet)
HPRegen  0.00/turn              (no ring)
MPRegen  0.11/turn              (no ring)

@: non-regenerating
A: damage resistance, heal wounds, sense surroundings 1, no regeneration
a: Heal Wounds, Renounce Religion


You were on level 5 of the Dungeon.
You worshipped Makhleb.
Makhleb was noncommittal.
You were not hungry.

You visited 2 branches of the dungeon, and saw 6 of its levels.

You collected 173 gold pieces.

Inventory:

Hand Weapons
 a - a +0 dagger of venom (weapon)
   (You took it off a kobold on level 1 of the Dungeon)
 u - a +1 dagger of speed
   (You took it off a goblin on level 3 of the Dungeon)
Missiles
 b - 73 stones (quivered)
Armour
 w - a +1 leather armour of fire resistance (worn)
   (You took it off an orc on level 4 of the Dungeon)
Scrolls
 f - 2 scrolls of teleportation
 g - 4 scrolls of random uselessness {unknown}
 j - a scroll of enchant weapon {unknown}
 n - 3 scrolls of remove curse {unknown}
 o - a scroll of enchant armour {unknown}
 p - 2 scrolls of magic mapping {unknown}
 r - a scroll of blinking {!r}
 v - 3 scrolls of identify
Potions
 e - a potion of agility
 h - a potion of curing
 i - a potion of ambrosia {unknown}
 k - a potion of mutation {!q}
 l - a potion of magic
 m - a potion of invisibility
 q - 2 potions of lignification {!q}
 s - a potion of flight
 t - 3 potions of cancellation
Comestibles
 c - 2 chunks of flesh {@w0}
 d - 6 rations


   Skills:
 - Level 2.1 Short Blades
 - Level 2.1 Dodging
 - Level 3.0 Stealth
 - Level 2.2 Spellcasting
 + Level 0.0 Conjurations
 - Level 1.0 Transmutations
 + Level 8.4 Earth Magic


You had 3 spell levels left.
You knew the following spells:

 Your Spells              Type           Power        Failure   Level  Hunger
a - Sandblast             Erth           ####..       1%          1    #......
c - Stone Arrow           Conj/Erth      ###...       12%         3    ###....
w - Passwall              Tmut/Erth      ###.....     4%          2    ##.....

Your spell library contained the following spells:

 Spells                   Type           Power        Failure   Level  Hunger
 Corona                   Hex            #......      24%         1    #......
 Ensorcelled Hibernation  Hex/Ice        #.....       34%         2    ##.....
 Confuse                  Hex            #.......     56%         3    ###....
 Dazzling Spray           Conj/Hex       #.....       56%         3    ###....
 Tukima's Dance           Hex            #.......     56%         3    ###....
 Lee's Rapid Deconstruct  Erth           ####......   21%         5    ######.
 Petrify                  Tmut/Erth      ###.....     32%         4    #####..


Dungeon Overview and Level Annotations

Branches:
Dungeon (5/15)             Temple (1/1) D:4

Altars:
Ashenzari
Cheibriados
Dithmenos
Elyvilon
Fedhas
Gozag
Hepliaklqana
Kikubaaqudgha
Makhleb
Nemelex Xobeh
Okawaru
Sif Muna
Trog
Uskayaw
Vehumet
Wu Jian
Xom
Yredelemnul
Zin
The Shining One


Innate Abilities, Weirdness & Mutations

You are resistant to damage.
You can heal yourself by infusing magical energy.
You passively map a small area around you.
You do not regenerate.


Message History

Aim: an orc, wielding a +0 mace and wearing a +1 leather armour of fire resistance The blast of sand hits the orc!
You kill the orc!
Makhleb accepts your kill.
b - 81 stones You now have 2/8 mp.
Items here: ( ) [ † a +0 mace; a tomahawk; a +1 leather armour of fire resistance; an orc corpse
w - a +1 leather armour of fire resistance Wear which item? (? for menu, Esc to quit)
You start removing your armour.
You continue taking off your +0 leather armour. x4
You finish taking off your +0 leather armour.
You start putting on your armour.
You continue putting on your +1 leather armour of fire resistance. x5
You finish putting on your +1 leather armour of fire resistance.
You feel resistant to fire.
Drop what? 23/52 slots (_ for help) (? for menu, Esc to quit)
You drop a +0 robe.
You drop a +0 leather armour.
MP restored: 8
There is an escape hatch in the floor here.
You slide downwards.
The hatch slams shut behind you.
A centaur skeleton comes into view.
Found 2 scrolls labeled PIHUSHRI FEJI and a scroll labeled GOK YTUTICEIKH.
Found a stone staircase leading up.
You see here 2 scrolls labeled PIHUSHRI FEJI.
g - 4 scrolls labeled PIHUSHRI FEJI (gained 2)
Aim: a centaur skeleton The blast of sand hits the centaur skeleton!
b - 80 stones You are feeling very hungry.
The centaur skeleton closely misses you.
The centaur skeleton barely misses you.
You now have 7/8 mp.
Aim: a centaur skeleton (moderately damaged)
The blast of sand hits the centaur skeleton!!
You destroy the centaur skeleton!
Makhleb accepts your kill.
b - 79 stones You now have 6/8 mp.
v - 3 scrolls of identify (gained 1)
You now have 173 gold pieces (gained 18).
MP restored: 8 A worm comes into view.
Okay, then.
Aim: a worm The blast of sand hits the worm!
b - 78 stones You now have 7/8 mp.
Aim: a worm (severely wounded)
The blast of sand hits the worm!
You kill the worm!
Makhleb accepts your kill.
b - 77 stones You now have 6/8 mp.
You see here a worm corpse.
You butcher the worm corpse.
c - 3 chunks of flesh {@w0} Eating one of 3 chunks of flesh {@w0}.
You eat one of the 3 chunks of flesh {@w0}.
A worker ant comes into view.
You see here a ration.
MP restored: 8 The worker ant twitches its antennae in your direction.
You see here a ration.
d - 6 rations (gained 1)
Aim: a worker ant The blast of sand hits the worker ant!!
You kill the worker ant!
Makhleb accepts your kill.
b - 76 stones You now have 7/8 mp.
Found a stone staircase leading down.
MP restored: 8 You see here a flail.
You see here a flail.
Found a stone staircase leading up.
Found a fizzy brown potion.
Found an escape hatch in the floor.
i - a fizzy brown potion An ogre comes into view.
It is wielding a +0 giant spiked club.
There is an escape hatch in the floor here.
Okay, then.
Unknown command.
The ogre shouts!
Aim: an ogre, wielding a +0 giant spiked club The blast of sand hits the ogre!
b - 75 stones You now have 7/8 mp.
Aim: an ogre, wielding a +0 giant spiked club (moderately wounded)
The blast of sand hits the ogre.
b - 74 stones The ogre hits you with a +0 giant spiked club!!
* * * LOW HITPOINT WARNING * * *
You take 23 damage, and have 2/49 hp.
MASSIVE DAMAGE!!
You now have 6/8 mp.
Aim: an ogre, wielding a +0 giant spiked club (heavily wounded)
The blast of sand hits the ogre.
b - 73 stones The ogre hits you with a +0 giant spiked club!
You die...

#..######.....#
#...##........#
#.............##
#............>.# #
#.....#........## * .* *
#......##........###
#........##..........# ,
,
..........##.......#...,
###.....<...O@......####
#.......#........##
#...######.......#* * ,
#.....$...,, *,,
........... ............
* *.............
............ , ,


You could see an ogre.

Vanquished Creatures
  An ogre (D:4)
  A wight (D:3)
  A hound (D:4)
  A centaur skeleton (D:5)
  2 worker ants
  3 adders
  4 gnolls
  An adder skeleton (D:4)
  A worm (D:5)
  A dart slug (D:2)
  4 leopard geckos
  10 orcs
  3 giant cockroaches (D:3)
  5 goblins
  4 hobgoblins (D:3)
  5 kobolds
  2 quokkas
  3 bats
  4 frilled lizards
  14 rats
70 creatures vanquished.

Notes
Turn   | Place    | Note
-------+----------+-------------------------------------------
     0 | D:1      | Irenicus the Deep Dwarf Earth Elementalist began the quest
                  | for the Orb.
     0 | D:1      | Reached XP level 1. HP: 15/15 MP: 3/3
     5 | D:1      | Noticed a minotaur zombie
    10 | D:1      | Noticed a minotaur zombie
    18 | D:1      | Noticed a minotaur zombie
    20 | D:1      | Noticed a minotaur zombie
   224 | D:1      | Reached skill level 2 in Spellcasting
   281 | D:1      | Reached XP level 2. HP: 22/22 MP: 5/5
   285 | D:1      | Learned a level 2 spell: Passwall
   873 | D:2      | Reached XP level 3. HP: 20/28 MP: 0/6
   978 | D:2      | Found a glowing golden altar of the Shining One.
  1049 | D:3      | Found a faded altar of an unknown god.
  1090 | D:3      | Reached skill level 1 in Transmutations
  1136 | D:3      | Learned a level 3 spell: Stone Arrow
  1191 | D:3      | Found a glowing golden altar of the Shining One.
  1195 | D:3      | Reached skill level 5 in Earth Magic
  1251 | D:3      | Reached skill level 3 in Stealth
  1259 | D:3      | Reached skill level 1 in Short Blades
  1325 | D:3      | Reached XP level 4. HP: 31/36 MP: 0/7
  1528 | D:4      | Reached skill level 2 in Short Blades
  1536 | D:3      | Reached skill level 6 in Earth Magic
  1536 | D:3      | Reached XP level 5. HP: 19/42 MP: 0/8
  1596 | D:4      | Found a sparkling altar of Nemelex Xobeh.
  1674 | D:4      | Found a staircase to the Ecumenical Temple.
  1683 | Temple   | Entered the Ecumenical Temple
  1757 | D:4      | Found a burning altar of Makhleb.
  1762 | D:4      | Noticed an ogre
  1765 | D:4      | Reached skill level 7 in Earth Magic
  1770 | D:4      | Killed an ogre
  1770 | D:4      | Reached XP level 6. HP: 25/49 MP: 0/8
  1777 | D:4      | Became a worshipper of Makhleb the Destroyer
  1799 | D:4      | Reached skill level 8 in Earth Magic
  1856 | D:5      | Entered Level 5 of the Dungeon
  1967 | D:5      | HP: 2/49 [ogre/+0 giant spiked club (23)]
  1968 | D:5      | Mangled by an ogre

Skill      XL: |  1  2  3  4  5  6 |
---------------+-------------------+-----
Spellcasting   | 2 |  2.2
Transmutations | 1 |  1.0
Earth Magic    | 5 6 7 8 |  8.4
Stealth        | 3 |  3.0
Short Blades   | 1 2 |  2.1
Dodging        | |  2.1

Action                   |  1- 3 |  4- 6 || total
-------------------------+-------+-------++-------
Melee: Dagger            |    70 |    49 ||   119
 Cast: Sandblast         |    28 |    33 ||    61
       Passwall          |     9 |     4 ||    13
       Stone Arrow       |     2 |       ||     2
 Abil: Heal Wounds       |       |     1 ||     1
  Use: Scroll            |     7 |     2 ||     9
       Potion            |     4 |     1 ||     5
 Stab: Sleeping          |     8 |     2 ||    10
  Eat: Chunk             |     2 |     3 ||     5
Armor: Robe              |     1 |       ||     1
       Leather armour    |     5 |    12 ||    17
       Skin              |    26 |       ||    26
Dodge: Dodged            |    20 |    51 ||    71

Levels and vault maps discovered:
D:1:      shiori_arrival_whats_in_store_for_you, layout_basic,
          minmay_rat_gold_closets
D:2:      layout_loops_ring, tso_altar
D:3:      layout_rooms, chequers_ecumenical_altar_grove, kennysheep_flooded_box,
          corexii_item_surrounded_by_moat, minmay_unequal
D:4:      layout_cave_pools, bloody_makhleb, temple_statues,
          nemelex_spade_bored_becter
D:5:      layout_layer_cave, first_ration, uniq_eustachio, uniq_grinder,
          uniq_crazy_yiuf_cottage
Temple:   compressed_dpeg_circular_temple

Table legend:
 A = Turns spent in this place as a percentage of turns spent in the entire game.
 B = Non-inter-level travel turns spent in this place as a percentage of non-inter-level travel turns spent in the entire game.
 C = Inter-level travel turns spent in this place as a percentage of turns spent in this place.
 D = Turns resting spent in this place as a percentage of non-inter-level travel turns spent in this place.
 E = Turns spent auto-exploring this place as a percentage of non-inter-level travel turns spent in this place.
 F = Non-inter-level travel turns spent in this place divided by the number of levels of this place that you've seen.
                   A       B       C       D       E      F
               +-------+-------+-------+-------+-------+----------------------
         Total | 100.0 | 100.0 |   0.0 |   0.0 |   0.0 | 328.0
       Dungeon |  96.6 |  96.6 |   0.0 |   0.0 |   0.0 | 380.4
        Temple |   3.4 |   3.4 |   0.0 |   0.0 |   0.0 |  66.0
               +-------+-------+-------+-------+-------+----------------------

Table legend:
 A = Kills in this place as a percentage of kills in entire the game.
 B = Kills by you in this place as a percentage of kills by you in the entire game.
 C = Kills by friends in this place as a percentage of kills by friends in the entire game.
 D = Other kills in this place as a percentage of other kills in the entire game.
 E = Experience gained in this place as a percentage of experience gained in the entire game.
 F = Experience gained in this place divided by the number of levels of this place that you have seen.
                   A       B       C       D       E      F
               +-------+-------+-------+-------+-------+----------------------
         Total | 100.0 | 100.0 |   N/A |   N/A | 100.0 |  90.3
       Dungeon | 100.0 | 100.0 |   N/A |   N/A | 100.0 | 108.4
               +-------+-------+-------+-------+-------+----------------------
